 Dungeon Crawl Stone Soup version 0.21.1-1-g345015fe64 (webtiles) character file.

1617 Holzbalken the Summoner (level 8, 0/50 HPs)
             Began as a Tengu Summoner on July 3, 2018.
             Slain by an orc warrior
             ... wielding a +0 mace
              (8 damage)
             ... on level 6 of the Dungeon.
             The game lasted 01:17:54 (8084 turns).

Holzbalken the Summoner (Tengu Summoner)            Turns: 8084, Time: 01:17:54

Health: 0/50       AC:  7    Str: 10    XL:     8   Next: 96%
Magic:  11/16      EV: 12    Int: 19    God:
Gold:   253        SH:  0    Dex: 14    Spells: 9/17 levels left

rFire    . . .     SeeInvis .   r - +1 scythe
rCold    . . .     Gourm    .   (shield currently unavailable)
rNeg     . . .     Faith    .   G - +0 leather armour (curse)
rPois    .         Spirit   .   (helmet restricted)
rElec    .         Reflect  .   E - +0 cloak
rCorr    .         Harm     .   (no gloves)
MR       .....                  (boots unavailable)
Stlth    ++........             (no amulet)
HPRegen  0.16/turn              l - +3 ring of protection
MPRegen  0.15/turn              B - +2 ring of intelligence

@: very slightly contaminated
A: beak, talons 3, able to fly 1
a: Fly


You were on level 6 of the Dungeon.
You were not hungry.

You visited 1 branch of the dungeon, and saw 6 of its levels.

You collected 253 gold pieces.

Inventory:

Hand Weapons
 r - a +1 scythe (weapon)
Armour
 j - a +0 leather armour
 E - a +0 cloak (worn)
 G - a cursed +0 leather armour (worn)
Jewellery
 l - a +3 ring of protection (left hand)
 n - an uncursed ring of stealth
 v - an uncursed ring of stealth
 z - an uncursed ring of protection from magic
 B - a +2 ring of intelligence (right hand)
Wands
 f - a wand of disintegration (10)
 C - a wand of iceblast (14)
Scrolls
 d - a scroll of acquirement {unknown}
 g - 2 scrolls of random uselessness {unknown}
 h - a scroll of amnesia {unknown}
 i - 2 scrolls of remove curse
 k - 2 scrolls of enchant weapon
 m - a scroll of noise {unknown}
 p - 2 scrolls of teleportation {unknown}
 q - 2 scrolls of immolation {unknown}
 D - 3 scrolls of blinking {unknown}
Potions
 c - 2 potions of magic
 e - 5 potions of lignification
 o - 2 potions of brilliance
 s - a potion of agility {unknown}
 t - 2 potions of curing
 u - 2 potions of might {unknown}
 x - 2 potions of mutation {unknown}
 A - 2 potions of flight {unknown}
 F - a potion of invisibility {unknown}
Books
 b - a book of Callings

   Spells                             Type                      Level
   a - Summon Small Mammal            Summoning                    1
   b - Call Imp                       Summoning                    2
   c - Call Canine Familiar           Summoning                    3
   d - Summon Guardian Golem          Hexes/Summoning              3
   e - Summon Lightning Spire         Summoning/Air                4
   f - Summon Ice Beast               Ice/Summoning                4
Comestibles
 a - 10 rations


   Skills:
 + Level 5.4 Fighting
 + Level 5.1 Polearms
 - Level 2.1 Dodging
 - Level 2.0 Stealth
 - Level 5.1 Spellcasting
 * Level 8.8 Summonings


You had 9 spell levels left.
You knew the following spells:

 Your Spells              Type           Power        Failure   Level  Hunger
a - Summon Small Mammal   Summ           ####         1%          1    None
b - Call Canine Familiar  Summ           #####...     1%          3    ##.....
c - Summon Ice Beast      Ice/Summ       ###.....     26%         4    ####...


Dungeon Overview and Level Annotations

Branches:
Dungeon (6/15)             Temple (0/1) D:4

Altars:
Ashenzari
Dithmenos
Elyvilon
Fedhas
Gozag
Makhleb
Nemelex Xobeh
Ru
Sif Muna
Wu Jian
The Shining One
Beogh


Innate Abilities, Weirdness & Mutations

You have a beak for a mouth.
You have claws for feet.
You can fly.


Message History

Your hound bites the orc but does no damage.
Casting: Summon Small Mammal
Confirm with . or Enter, or press ? or * to list all spells.
The orc warrior hits you with a mace! The orc closely misses your hound.
Your hound bites the orc but does no damage.
Casting: Summon Small Mammal
Confirm with . or Enter, or press ? or * to list all spells.
You miscast Summon Small Mammal.
You are very lightly contaminated with residual magic.
Nothing appears to happen.
Your hound closely misses the orc.
The orc warrior hits you with a mace!
* * * LOW HITPOINT WARNING * * *
The orc hits your hound with a short sword.
Your quokka barely misses the orc warrior.
Your hound bites the orc.
You swap places.
Your quokka bites the orc warrior but does no damage. x2
The orc hits your hound with a short sword.
The orc warrior hits you with a mace!
You die...

[...#........#....# #### #
>...'........+ ...##.... #####
....#..<.....#.......... #...#
....###......#.......... #...#
.... +........#........ #...|
.##. #........#........ ##... .
.. #.......)#r......#######... ..
.......ohor................ ..
##########r@..###...#.###...
#.....#..#....###. #.# ##..
#.....#.('.....# #.# #...
#.....####.....######.###...
######......................<....
..........##..........###........
..........#####...#..............
............# ...................
............##......#....#.#.....


You could see an orc warrior, an orc, a friendly hound and 3 friendly quokkas.

Vanquished Creatures
  Grinder (D:4)
  A hippogriff (D:6)
  Eustachio (D:4)
  The ghost of Gargoyl the Skirmisher, an amateur CeAK of Lugonu (D:4)
  A phantom (D:5)
  A centaur (D:6)
  An ogre (D:5)
  A quasit (D:5)
  2 orc wizards
  3 orc priests
  A centaur skeleton (D:6)
  A jelly (D:2)
  4 worker ants
  A hound skeleton (D:6)
  A howler monkey zombie (D:6)
  4 adders
  A shadow imp (D:4)
  2 oozes
  2 adder skeletons (D:4)
  An adder zombie (D:3)
  A dart slug (D:1)
  2 leopard geckos (D:4)
  18 orcs
  7 bats
  3 giant cockroaches
  5 goblins
  3 hobgoblins
  5 jackals
  3 kobolds (D:2)
  A quokka (D:6)
  2 frilled lizards
  A jackal skeleton (D:4)
  6 rats
88 creatures vanquished.

Vanquished Creatures (collateral kills)
  Sigmund (D:2)
  An orc warrior (D:4)
  A necrophage (D:6)
  2 ogres
  A howler monkey (D:4)
  An orc priest (D:5)
  A bullfrog skeleton (D:2)
  4 orc wizards
  2 iguanas
  A worker ant (D:4)
  A howler monkey zombie (D:5)
  Robin (D:4)
  An adder (D:3)
  3 gnolls (D:3)
  An ooze (D:3)
  An adder skeleton (D:4)
  A worm (D:2)
  A dart slug (D:2)
  3 leopard geckos
  22 orcs
  2 ball pythons
  A bat (D:1)
  A giant cockroach (D:2)
  12 goblins
  8 hobgoblins
  10 jackals
  4 kobolds
  A quokka (D:6)
  2 frilled lizards
  3 leopard gecko skeletons
  4 rats
98 creatures vanquished.

Grand Total: 186 creatures vanquished

Notes
Turn   | Place    | Note
-------+----------+-------------------------------------------
     0 | D:1      | Holzbalken the Tengu Summoner began the quest for the Orb.
     0 | D:1      | Reached XP level 1. HP: 10/10 MP: 4/4
   830 | D:1      | Reached skill level 5 in Summonings
   992 | D:1      | Reached XP level 2. HP: 9/16 MP: 4/6
  1900 | D:2      | Reached XP level 3. HP: 18/20 MP: 5/7
  1905 | D:2      | Learned a level 3 spell: Call Canine Familiar
  1961 | D:2      | Reached skill level 1 in Fighting
  2081 | D:2      | Reached XP level 4. HP: 22/25 MP: 4/9
  2262 | D:2      | Noticed an ogre
  2290 | D:2      | Killed an ogre
  2370 | D:2      | Reached skill level 6 in Summonings
  2370 | D:2      | Gained mutation: You can fly. [Tengu growth]
  2370 | D:2      | Reached XP level 5. HP: 24/30 MP: 5/11
  2589 | D:2      | Noticed Sigmund
  2618 | D:2      | Killed Sigmund
  3129 | D:3      | Found an ornate altar of the Wu Jian Council.
  3136 | D:3      | Learned a level 4 spell: Summon Ice Beast
  3143 | D:3      | Reached XP level 6. HP: 35/35 MP: 8/12
  3266 | D:3      | Found a shattered altar of Ashenzari.
  3684 | D:3      | Found a white marble altar of Elyvilon.
  4080 | D:4      | Noticed Robin
  4096 | D:4      | Killed Robin
  4273 | D:4      | Found a staircase to the Ecumenical Temple.
  4280 | D:4      | Reached skill level 1 in Polearms
  4287 | D:4      | Reached skill level 7 in Summonings
  4417 | D:4      | Noticed Gargoyl's ghost (amateur CeAK)
  4435 | D:4      | Killed Gargoyl's ghost
  4435 | D:4      | Reached XP level 7. HP: 27/40 MP: 9/14
  4980 | D:4      | Noticed Eustachio
  4995 | D:4      | Killed Eustachio
  5047 | D:4      | Noticed Grinder
  5092 | D:4      | Killed Grinder
  5092 | D:4      | Reached skill level 5 in Spellcasting
  5092 | D:4      | Reached XP level 8. HP: 33/46 MP: 7/16
  5350 | D:5      | Entered Level 5 of the Dungeon
  5540 | D:5      | Reached skill level 8 in Summonings
  5660 | D:5      | Found a blossoming altar of Fedhas.
  5660 | D:5      | Found a glowing golden altar of the Shining One.
  5699 | D:5      | Found a shadowy altar of Dithmenos.
  6056 | D:5      | Found a runed door.
  7081 | D:5      | Found a roughly hewn altar of Beogh.
  7207 | D:6      | Found a deep blue altar of Sif Muna.
  7553 | D:6      | Reached skill level 5 in Fighting
  7883 | D:6      | Found a burning altar of Makhleb.
  7996 | D:6      | Noticed a hippogriff
  8005 | D:6      | Killed a hippogriff
  8005 | D:6      | Reached skill level 5 in Polearms
  8012 | D:6      | Found a sparkling altar of Nemelex Xobeh.
  8015 | D:6      | Found an opulent altar of Gozag.
  8018 | D:6      | Found a sacrificial altar of Ru.
  8084 | D:6      | Slain by an orc warrior

Skill      XL: |  1  2  3  4  5  6  7  8 |
---------------+-------------------------+-----
Summonings     | 5 6 7 8 |  8.8
Fighting       | 1 2 3 5 |  5.4
Spellcasting   | 3 4 5 |  5.1
Polearms       | 1 2 5 |  5.1
Dodging        | |  2.1
Stealth        | |  2.0

Action                   |  1- 3 |  4- 6 |  7- 9 || total
-------------------------+-------+-------+-------++-------
Melee: Unarmed           |   104 |    22 |       ||   126
       Kick              |    19 |    14 |    23 ||    56
       Peck              |    18 |     4 |    10 ||    32
       Scythe            |       |    77 |   158 ||   235
 Cast: Summon Small Mamm |    42 |    34 |    41 ||   117
       Call Canine Famil |     4 |    15 |    33 ||    52
  Use: Scroll            |       |     2 |     8 ||    10
 Stab: Sleeping          |     2 |    10 |     3 ||    15
       Distracted        |     2 |     2 |     4 ||     8
  Eat: Chunk             |     2 |     8 |    11 ||    21
       Ration            |     1 |       |     1 ||     2
Armor: Robe              |    32 |       |       ||    32
       Leather armour    |    19 |    62 |    61 ||   142
Dodge: Dodged            |    98 |    82 |   104 ||   284
